 Dungeon Crawl Stone Soup version 0.28.0 (webtiles) character file.

Game seed: 4669928686107896029

5465 Minsecho the Nimble (level 10, -4/82 HPs)
             Began as a Gnoll Monk on Feb 12, 2022.
             Was an Elder of Sif Muna.
             Slain by a two-headed ogre (15 damage)
             ... on level 9 of the Dungeon.
             The game lasted 00:19:54 (11213 turns).

Minsecho the Nimble (Gnoll Monk)                   Turns: 11213, Time: 00:19:54

Health: -4/82      AC: 15    Str: 15    XL:     10   Next: 69%
Magic:  14/18      EV: 17    Int: 10    God:    Sif Muna [****..]
Gold:   539        SH:  5    Dex: 20    Spells: 7/20 levels left

rFire   . . .      SeeInvis .   H - +5 halberd
rCold   . . .      Faith    .   (shield currently unavailable)
rNeg    . . .      Spirit   .   z - +0 acid dragon scales
rPois   .          Reflect  +   h - +0 helmet
rElec   .          Harm     .   O - +0 cloak
rCorr   +          Rampage  .   q - +0 pair of gloves
Will    .....                   (no boots)
Stlth   +++.......              k - amulet of reflection
HPRegen 0.23/turn               j - +4 ring of protection
MPRegen 0.16/turn               p - +6 ring of dexterity

@: confusing by touch
A: fangs 1, strong nose, distributed training
a: Renounce Religion, Channel Magic, Forget Spell, Divine Exegesis


You were on level 9 of the Dungeon.
You worshipped Sif Muna.
Sif Muna was greatly pleased with you.
You visited 1 branch of the dungeon, and saw 10 of its levels.

You collected 539 gold pieces.

Inventory:

Hand Weapons
 a - a +0 spear
 c - a +4 whip
 g - a +0 whip of flaming
 y - a +2 long sword of holy wrath
 H - a +5 halberd (weapon)
Missiles
 L - a curare-tipped dart (quivered)
Armour
 h - a +0 helmet (worn)
 q - a +0 pair of gloves (worn)
 z - +0 acid dragon scales (worn)
 O - a +0 cloak (worn)
Jewellery
 d - a ring of ice
 j - a +4 ring of protection (left hand)
 k - an amulet of reflection (around neck)
 p - a +6 ring of dexterity (right hand)
 r - an amulet of regeneration
 F - a ring of poison resistance
 K - a +4 ring of protection
 M - a ring of ice
 N - a +6 ring of dexterity
Wands
 m - a wand of mindburst (2)
 t - a wand of iceblast (18)
 v - a wand of charming (6)
 w - a wand of acid (15)
Scrolls
 e - 2 scrolls of vulnerability
 f - 2 scrolls of brand weapon {unknown}
 o - 6 scrolls of teleportation
 u - 2 scrolls of immolation {unknown}
 x - 2 scrolls of noise {unknown}
 C - a scroll of summoning {unknown}
 G - 3 scrolls of enchant weapon {unknown}
 J - a scroll of holy word {unknown}
Potions
 i - a potion of degeneration
 s - 3 potions of resistance
 A - a potion of invisibility
 B - a potion of brilliance
 E - 2 potions of lignification {unknown}
 I - a potion of berserk rage {unknown}


   Skills:
 + Level 8.6 Fighting
 + Level 5.5 Short Blades
 + Level 5.5 Long Blades
 + Level 5.5 Axes
 + Level 5.5 Maces & Flails
 + Level 8.6 Polearms
 + Level 5.5 Staves
 + Level 5.5 Slings
 + Level 5.5 Bows
 + Level 5.5 Crossbows
 + Level 5.5 Throwing
 + Level 5.5 Armour
 + Level 8.6 Dodging
 + Level 7.0 Stealth
 + Level 5.5 Shields
 + Level 5.5 Unarmed Combat
 + Level 5.5 Spellcasting
 + Level 4.5 Conjurations
 + Level 4.5 Hexes
 + Level 4.5 Summonings
 + Level 4.5 Necromancy
 + Level 4.5 Translocations
 + Level 4.5 Transmutations
 + Level 4.5 Fire Magic
 + Level 4.5 Ice Magic
 + Level 4.5 Air Magic
 + Level 4.5 Earth Magic
 + Level 4.5 Poison Magic
 + Level 6.0 Invocations
 + Level 5.5 Evocations


You had 7 spell levels left.
You knew the following spells:

 Your Spells              Type           Power      Damage    Failure   Level
a - Pain                  Necr           44%        1d6       4%          1
b - Vampiric Draining     Necr           11%        2d6       14%         3
c - Teleport Other        Tloc           11%        N/A       14%         3
d - Ignite Poison         Fire/Tmut/Pois 11%        N/A       14%         3
e - Confusing Touch       Hex            11%        N/A       14%         3

Your spell library contained the following spells:

 Spells                   Type           Power      Damage    Failure   Level
 Animate Skeleton         Necr           22%        N/A       4%          1
 Conjure Flame            Conj/Fire      11%        6-21      14%         3
 Gell's Gravitas          Tloc           11%        N/A       14%         3
 Lesser Beckoning         Tloc           11%        N/A       14%         3
 Ozocubu's Armour         Ice            11%        N/A       14%         3
 Sticky Flame             Conj/Fire      11%        2d3       41%         4
 Freezing Cloud           Conj/Ice/Air   5%         6-21      77%         5
 Yara's Violent Unravell  Hex/Tmut       5%         3d4       77%         5
 Simulacrum               Ice/Necr       5%         N/A       100%        6
 Enfeeble                 Hex            5%         N/A       100%        7
 Ozocubu's Refrigeration  Ice            5%         4d6       100%        7
 Polar Vortex             Ice            5%         N/A       100%        9


Dungeon Overview and Level Annotations

Branches:
Dungeon (10/15)            Temple (0/1) D:4             Orc (0/2) D:9
   Lair: D:8-11

Altars:
Fedhas
Hepliaklqana
Sif Muna
Trog
Zin
The Shining One

Shops:
D:5 *   D:6 =

Annotations:
D:9 exclusion: orange crystal statue


Innate Abilities, Weirdness & Mutations

You have very sharp teeth.
Your uncanny sense of smell can sniff out nearby items.
Your experience applies equally to all skills.


Message History

Unknown command.
Cast which spell? (? or * to list)
You miscast Confusing Touch.
You are very lightly contaminated with residual magic.
Nothing appears to happen.
The two-headed ogre closely misses you. x2
The kobold brigand hits you with a +0 short sword.
You climb upwards.
Level annotation: exclusion: orange crystal statue
There is a stone staircase leading down here.
There is a stone staircase leading down here.
You block the kobold brigand's attack.
The kobold brigand throws a poisoned dart.
The poisoned dart closely misses you.
Your magical contamination has completely faded away.
Casting: Confusing Touch (dangerous; 14% risk of failure)
Confirm with . or Enter, or press ? or * to list all spells.
Your hands begin to glow red.
The two-headed ogre hits you with a +0 giant club.
The two-headed ogre barely misses you.
You hit the two-headed ogre but do no damage.
The two-headed ogre barely misses you.
The two-headed ogre hits you with a +0 giant club!
You hit the two-headed ogre but do no damage.
The two-headed ogre closely misses you. You block the two-headed ogre's attack.
You hit the two-headed ogre but do no damage.
The kobold brigand hits you but does no damage.
The kobold brigand completely misses you.
You hit the two-headed ogre but do no damage.
You bite the two-headed ogre.
The two-headed ogre is lightly wounded.
The two-headed ogre hits you with a +0 giant club!!
* * * LOW HITPOINT WARNING * * *
The two-headed ogre hits you with a +0 giant club!
* * * LOW HITPOINT WARNING * * *
The kobold brigand barely misses you.
Okay, then.
You feel better. The two-headed ogre misses you.
The two-headed ogre hits you with a +0 giant club!
You die...

.#...(....####..# #...# #
##..............# #...# #
##............>.# #...# #
##.............># #...# #
##....(...#####.######...#
# ##........# #...<......#
# .#........# #..........#
# ..........#
#KO#####...########
##........# #.@#
#........... #........#
#()# #.........<.
#........# #.(#
#...#######. #........#
#..# #..)# ####..
#........# #..# #...#
#..... ##..####..# #..#
#...# #..... ....# #..#
#..# #...# #.....
....####..# #..#
#..[###..... ##........#
#..# #...).[...).


You could see a two-headed ogre and a kobold brigand.

Vanquished Creatures
  A centaur zombie (D:10)
  Maggie (D:6)
  Grinder (D:6)
  Sigmund (D:3)
  7 yaks
  A shadow (D:10)
  A wyvern (D:10)
  A wraith (D:9)
  A steam dragon (D:9)
  An orc warrior (D:9)
  2 black bears
  An ice beast (D:7)
  2 necrophages (D:8)
  6 centaurs
  3 ogres
  Blork the orc (D:6)
  4 kobold brigands
  A bullfrog (D:8)
  2 wyvern zombies
  4 wights
  A howler monkey (D:6)
  2 hounds
  A bullfrog zombie (D:5)
  3 orc priests
  A bullfrog skeleton (D:6)
  4 centaur skeletons
  3 jellies
  4 iguanas
  Natasha (thrice) (D:2)
  3 orc wizards (D:9)
  A centaur simulacrum (D:9)
  A hound skeleton (D:4)
  A howler monkey zombie (D:9)
  Robin (D:2)
  3 gnolls (D:4)
  6 adders
  A shadow imp (D:5)
  An ufetubus (D:4)
  3 worms
  A dart slug (D:4)
  13 orcs
  10 ball pythons
  5 bats
  3 endoplasms
  3 giant cockroaches
  16 goblins
  8 hobgoblins
  4 quokkas
  2 frilled lizards
  23 kobolds
  6 rats
179 creatures vanquished.

Vanquished Creatures (others)
  2 goblins (D:2)
2 creatures vanquished.

Grand Total: 181 creatures vanquished

Notes
Turn   | Place    | Note
-------+----------+-------------------------------------------
     0 | D:1      | Minsecho the Gnoll Monk began the quest for the Orb.
     0 | D:1      | Reached XP level 1. HP: 23/23 MP: 1/1
    82 | D:1      | Reached XP level 2. HP: 29/29 MP: 2/2
   431 | D:1      | Reached XP level 3. HP: 33/35 MP: 3/3
   680 | D:1      | Found a faded altar of an unknown god.
   797 | D:1      | Prayed at the altar of an unknown god.
   797 | D:1      | Became a worshipper of Sif Muna the Loreminder
   797 | D:1      | Reached * piety under Sif Muna
   797 | D:1      | Reached ** piety under Sif Muna
   869 | D:1      | Reached skill level 1 in Invocations
  1222 | D:2      | Noticed Robin
  1228 | D:2      | Reached skill level 1 in Short Blades
  1228 | D:2      | Reached skill level 1 in Long Blades
  1228 | D:2      | Reached skill level 1 in Axes
  1228 | D:2      | Reached skill level 1 in Maces & Flails
  1228 | D:2      | Reached skill level 1 in Staves
  1228 | D:2      | Reached skill level 1 in Slings
  1228 | D:2      | Reached skill level 1 in Bows
  1228 | D:2      | Reached skill level 1 in Crossbows
  1228 | D:2      | Reached skill level 1 in Throwing
  1228 | D:2      | Reached skill level 1 in Armour
  1228 | D:2      | Reached skill level 1 in Shields
  1228 | D:2      | Reached skill level 1 in Unarmed Combat
  1228 | D:2      | Reached skill level 1 in Spellcasting
  1228 | D:2      | Reached skill level 1 in Evocations
  1233 | D:2      | Reached *** piety under Sif Muna
  1624 | D:2      | Noticed Natasha
  1630 | D:2      | Killed Natasha
  1631 | D:2      | Reached XP level 4. HP: 35/41 MP: 5/5
  1732 | D:2      | Killed Robin
  1733 | D:2      | Reached skill level 1 in Conjurations
  1733 | D:2      | Reached skill level 1 in Hexes
  1733 | D:2      | Reached skill level 1 in Summonings
  1733 | D:2      | Reached skill level 1 in Necromancy
  1733 | D:2      | Reached skill level 1 in Translocations
  1733 | D:2      | Reached skill level 1 in Transmutations
  1733 | D:2      | Reached skill level 1 in Fire Magic
  1733 | D:2      | Reached skill level 1 in Ice Magic
  1733 | D:2      | Reached skill level 1 in Air Magic
  1733 | D:2      | Reached skill level 1 in Earth Magic
  1733 | D:2      | Reached skill level 1 in Poison Magic
  2246 | D:2      | Noticed Natasha
  2256 | D:2      | Killed Natasha
  2257 | D:2      | Reached XP level 5. HP: 17/47 MP: 5/7
  2326 | D:2      | Noticed Natasha
  2351 | D:2      | Killed Natasha
  2702 | D:3      | Noticed Sigmund
  2740 | D:3      | Killed Sigmund
  2741 | D:3      | Reached XP level 6. HP: 39/53 MP: 7/9
  3662 | D:4      | Found a staircase to the Ecumenical Temple.
  3682 | D:4      | Reached XP level 7. HP: 53/59 MP: 10/10
  4193 | D:5      | Entered Level 5 of the Dungeon
  4439 | D:5      | Noticed a yak
  4440 | D:5      | Noticed a yak
  4440 | D:5      | Noticed a yak
  4440 | D:5      | Noticed a yak
  4440 | D:5      | Noticed a yak
  4440 | D:5      | Noticed a yak
  4485 | D:5      | Killed a yak
  4486 | D:5      | Reached skill level 5 in Stealth
  4576 | D:4      | Killed a yak
  4577 | D:4      | Reached XP level 8. HP: 34/67 MP: 12/12
  4579 | D:4      | Killed a yak
  4846 | D:4      | Killed a yak
  4862 | D:4      | Killed a yak
  4921 | D:5      | Killed a yak
  5116 | D:5      | Found Joecuc's Elemental Accessories.
  5132 | D:5      | Reached XP level 9. HP: 72/72 MP: 14/14
  5234 | D:5      | Found a blossoming altar of Fedhas.
  5815 | D:6      | Noticed Blork the orc
  5828 | D:6      | Killed Blork the orc
  5895 | D:6      | Found a bloodstained altar of Trog.
  5895 | D:6      | Found a glowing golden altar of the Shining One.
  5997 | D:6      | Reached **** piety under Sif Muna
  6023 | D:6      | Found a hazy altar of Hepliaklqana.
  6039 | D:6      | Noticed Maggie
  6074 | D:6      | Killed Maggie
  6436 | D:6      | Found a glowing silver altar of Zin.
  6686 | D:6      | Noticed Grinder
  6709 | D:6      | Killed Grinder
  6835 | D:6      | Found Xeequda's One-of-a-Kind Rings.
  7054 | D:7      | Learned a level 1 spell: Pain
  7058 | D:7      | Learned a level 3 spell: Vampiric Draining
  7062 | D:7      | Learned a level 3 spell: Teleport Other
  7066 | D:7      | Learned a level 3 spell: Ignite Poison
  7212 | D:7      | Reached skill level 5 in Invocations
  7944 | D:8      | Found a shimmering blue altar of Sif Muna.
  8385 | D:8      | Reached XP level 10. HP: 76/80 MP: 17/17
  8873 | D:9      | Reached skill level 5 in Short Blades
  8873 | D:9      | Reached skill level 5 in Long Blades
  8873 | D:9      | Reached skill level 5 in Axes
  8873 | D:9      | Reached skill level 5 in Maces & Flails
  8873 | D:9      | Reached skill level 5 in Staves
  8873 | D:9      | Reached skill level 5 in Slings
  8873 | D:9      | Reached skill level 5 in Bows
  8873 | D:9      | Reached skill level 5 in Crossbows
  8873 | D:9      | Reached skill level 5 in Throwing
  8873 | D:9      | Reached skill level 5 in Armour
  8873 | D:9      | Reached skill level 5 in Shields
  8873 | D:9      | Reached skill level 5 in Unarmed Combat
  8873 | D:9      | Reached skill level 5 in Spellcasting
  8873 | D:9      | Reached skill level 5 in Evocations
  9558 | D:9      | Noticed an orange crystal statue
  9577 | D:9      | HP: 2/82 [killer bee[an orange crystal statue] (3)]
  9812 | D:9      | Found a staircase to the Orcish Mines.
 10949 | D:10     | Entered Level 10 of the Dungeon
 10957 | D:10     | Noticed a two-headed ogre
 11117 | D:10     | Noticed a six-headed hydra
 11197 | D:9      | Learned a level 3 spell: Confusing Touch
 11212 | D:9      | HP: 3/82 [two-headed ogre (9)]
 11213 | D:9      | Slain by a two-headed ogre

Illustrated notes

Levels and vault maps discovered:
D:1:      minmay_arrival_radiant_lines, layout_rooms,
          shapermc_ecumenical_altar_pompeii, minmay_tetromino_i4
D:2:      layout_loops_ring, uniq_robin, uniq_natasha
D:3:      layout_basic, uniq_sigmund
D:4:      layout_rooms, minmay_temple_entry_gardened_gates
D:5:      layout_gridville, mainiacjoe_overflow_brackets, nicolae_elemental_shop
D:6:      layout_rooms, lemuel_doored_altar, minitemple, kennysheep_mini_moat,
          nicolae_shop_unique_rings, minivault_23, uniq_maggie, uniq_grinder,
          uniq_blork_the_orc
D:7:      layout_loops_ring, eino_small_chamber_without_monster
D:8:      layout_basic, nicolae_sif_muna_condensation
D:9:      layout_long_grid, orc_0_dummy, roderic_lattice_a,
          hangedman_weighted_door, minivault_16, minmay_fractal_squares_5
D:10:     layout_cross, lair_entry_dummy, nicolae_blasting_shop,
          amcnicky_mini_pool_medium, uniq_harold

Skill      XL: |  1  2  3  4  5  6  7  8  9 10 |
---------------+-------------------------------+-----
Invocations    | 1 2 3 4 5 6 |  6.0
Short Blades   | 1 2 3 4 5 |  5.5
Long Blades    | 1 2 3 4 5 |  5.5
Axes           | 1 2 3 4 5 |  5.5
Maces & Flails | 1 2 3 4 5 |  5.5
Staves         | 1 2 3 4 5 |  5.5
Slings         | 1 2 3 4 5 |  5.5
Bows           | 1 2 3 4 5 |  5.5
Crossbows      | 1 2 3 4 5 |  5.5
Throwing       | 1 2 3 4 5 |  5.5
Armour         | 1 2 3 4 5 |  5.5
Shields        | 1 2 3 4 5 |  5.5
Unarmed Combat | 1 2 3 4 5 |  5.5
Spellcasting   | 1 2 3 4 5 |  5.5
Evocations     | 1 2 3 4 5 |  5.5
Conjurations   | 1 2 3 4 |  4.5
Hexes          | 1 2 3 4 |  4.5
Summonings     | 1 2 3 4 |  4.5
Necromancy     | 1 2 3 4 |  4.5
Translocations | 1 2 3 4 |  4.5
Transmutations | 1 2 3 4 |  4.5
Fire Magic     | 1 2 3 4 |  4.5
Ice Magic      | 1 2 3 4 |  4.5
Air Magic      | 1 2 3 4 |  4.5
Earth Magic    | 1 2 3 4 |  4.5
Poison Magic   | 1 2 3 4 |  4.5
Fighting       | 7 8 |  8.6
Polearms       | 7 8 |  8.6
Dodging        | 7 8 |  8.6
Stealth        | 5 6 7 |  7.0

Action                   |  1- 3 |  4- 6 |  7- 9 | 10-12 || total
-------------------------+-------+-------+-------+-------++-------
Melee: Spear             |    33 |       |       |       ||    33
       Bite              |    15 |    11 |    78 |    17 ||   121
       Whip              |    89 |   119 |   305 |       ||   513
       Punch             |     1 |     2 |     9 |       ||    12
       Halberd           |       |       |    34 |   170 ||   204
Throw: Dart              |       |       |       |     1 ||     1
 Cast: Confusing Touch   |       |       |       |     1 ||     1
Evoke: Wand              |       |       |    12 |       ||    12
  Use: Scroll            |     3 |     2 |     1 |     4 ||    10
       Potion            |       |       |       |     5 ||     5
 Stab: Sleeping          |     5 |     1 |    10 |     3 ||    19
       Distracted        |       |     1 |       |       ||     1
Armor: Robe              |    12 |    12 |       |       ||    24
       Ring mail         |       |    10 |    34 |       ||    44
       Skin              |       |       |    20 |       ||    20
       Acid dragon scale |       |       |       |   107 ||   107
Dodge: Dodged            |    96 |    79 |   192 |   248 ||   615
Block: Other             |       |     4 |    57 |    77 ||   138
       Reflection        |       |       |     2 |     6 ||     8
